 Dungeon Sprint DCSS version 0.28.0-43-g3370ac3207 (webtiles) character file.

Game seed: 13302643106341931514

58 rocky1 the Covered (level 3, -3/30 HPs)
             Began as a Demigod Fighter on Mar 6, 2022.
             Slain by a human (4 damage)
             ... in the Dungeon (Sprint III: "The Ten Rune Challenge").
             The game lasted 00:00:59 (344 turns).

rocky1 the Covered (Demigod Fighter)                 Turns: 344, Time: 00:00:59

Health: -3/30      AC:  7    Str: 21    XL:     3   Next: 51%
Magic:  5/5        EV: 10    Int: 10    God:
Gold:   0          SH:  5    Dex: 13    Spells: 2/2 levels left

rFire   . . .      SeeInvis .   a - +0 trident
rCold   . . .      Faith    .   c - +0 buckler
rNeg    . . .      Spirit   .   b - +0 scale mail
rPois   .          Reflect  .   (no helmet)
rElec   .          Harm     .   (no cloak)
rCorr   .          Rampage  .   (no gloves)
Will    .....      NoTele   +   (no boots)
Stlth   ..........              (no amulet)
HPRegen 0.10/turn               (no ring)
MPRegen 0.09/turn               (no ring)

@: no status effects
A: high MP 1, forlorn, divine attributes
a: no special abilities


You were in the Dungeon.
You visited 1 branch

Inventory:

Hand Weapons
 a - a +0 trident (weapon)
Armour
 b - a +0 scale mail (worn)
 c - a +0 buckler (worn)
Scrolls
 j - a scroll of blinking
Potions
 d - a potion of might
 e - a potion of curing
 f - a potion of heal wounds
 g - a potion of haste
 h - 2 potions of magic
 i - a potion of berserk rage
 k - a potion of flight {unknown}
 l - 2 potions of resistance {unknown}


   Skills:
 - Level 2.6 Fighting
 + Level 3.7 Polearms
 + Level 4.3 Armour
 + Level 3.1 Dodging
 + Level 4.2 Shields


You had 2 spell levels left.
You didn't know any spells.
Your spell library was empty.

Dungeon Overview and Level Annotations

Branches:
Dungeon (1/1)


Innate Abilities, Weirdness & Mutations

You have an increased reservoir of magic. (+10% MP)
You shall have no god before yourself.
Your divine heritage dramatically boosts your attributes as you level up.


Message History

The human is moderately wounded.
The human closely misses you.
You hit the human but do no damage.
The human is moderately wounded.
The human hits you.
* * * LOW HITPOINT WARNING * * *
You closely miss the human.
The human is moderately wounded.
The human hits you but does no damage.
You barely miss the human.
The human is moderately wounded.
The human closely misses you.
You hit the human but do no damage.
The human is moderately wounded.
You block the human's attack. The human hits you.
* * * LOW HITPOINT WARNING * * *
You hit the human but do no damage.
The human is moderately wounded.
The human hits you but does no damage.
You hit the human.
The human is heavily wounded.
The human hits you but does no damage.
You hit the human but do no damage.
The human is heavily wounded.
The human barely misses you.
You barely miss the human.
The human is heavily wounded.
The human hits you.
* * * LOW HITPOINT WARNING * * *
You hit the human but do no damage.
The human is heavily wounded.
You block the human's attack.
You miss the human.
The human is heavily wounded.
The human hits you.
* * * LOW HITPOINT WARNING * * *
You hit the human.
The human is heavily wounded.
The human hits you.
You die...

▓<..#...####
▓...#......##
▓..##.......# .#
▓##.##.##...# .#
##.##.###..# ..#
▓#.####.##..# ...+
▓.###..##..##
#...# ▓#.....##..#
#....#
###..##.)@##p....#
##..##..p.#......#
#..###.)##.#.....#
#..# #..#####....#
▓▓▓▓ ▓▓▓▓ ▓▓▓▓▓


You could see a human.

Vanquished Creatures
  Crazy Yiuf (D)
  Jessica (D)
  An endoplasm (D)
  2 rats (D)
5 creatures vanquished.

Notes
Turn   | Place    | Note
-------+----------+-------------------------------------------
     0 | D        | rocky1 the Demigod Fighter began the quest for the Orb.
     0 | D        | Reached XP level 1. HP: 18/18 MP: 3/3
    37 | D        | Noticed Jessica
    50 | D        | Killed Jessica
    51 | D        | Reached XP level 2. HP: 4/25 MP: 4/4
   315 | D        | Noticed Crazy Yiuf
   328 | D        | Killed Crazy Yiuf
   329 | D        | Reached XP level 3. HP: 9/30 MP: 5/5
   341 | D        | HP: 1/30 [human (1)]
   344 | D        | Slain by a human

Illustrated notes

Levels and vault maps discovered:
D:        dungeon_sprint_mu [sprint_mu_entry_cave, sprint_mu_temple_rooms,
          sprint_mu_d1_spiders, sprint_mu_d2_genie, sprint_mu_d3_branching,
          sprint_mu_orc_legion, sprint_mu_elf_gauntlet, sprint_mu_hive_nellie,
          sprint_mu_lair_fedhas, sprint_mu_vaults_butterflies,
          sprint_mu_slime_circle, sprint_mu_swamp_cave, sprint_mu_snake_twists,
          sprint_mu_blade_basic, sprint_mu_crypt_lich, sprint_mu_tomb_spiral,
          sprint_mu_vestibule_basic, sprint_mu_gehenna_hellfire,
          sprint_mu_dis_giant, sprint_mu_tartarus_statrot,
          sprint_mu_cocytus_islands, sprint_mu_zot1]

Skill      XL: |  1  2 |
---------------+-------+-----
Polearms       | 3 |  3.7
Armour         | 3 4 |  4.3
Shields        | 3 4 |  4.2
Dodging        | 2 3 |  3.1
Fighting       | |  2.6

Action                   || total
-------------------------++-------
Melee: Trident           ||    38
 Stab: Invisible         ||     1
Armor: Scale mail        ||     7
Dodge: Dodged            ||    10
Block: Buckler           ||     7
